 Dungeon Crawl Stone Soup version 0.28-b1-25-g9875b3fc8c (console) character file.

Game seed: 15555507908606546408

30 syban the Digger (level 3, 15/27 HPs)
             Began as a Palentonga Earth Elementalist on Jan 31, 2022.
             Was a Follower of the Shining One.
             Quit the game on level 1 of the Dungeon.
             The game lasted 00:02:53 (1656 turns).

syban the Digger (Palentonga Earth Elementalist)    Turns: 1656, Time: 00:02:53

Health: 15/27      AC:  4    Str: 13    XL:     3   Next: 3%
Magic:  6/6        EV: 10    Int: 15    God:    the Shining One [*.....]
Gold:   31         SH:  0    Dex: 10    Spells: 5/6 levels left

rFire   . . .      SeeInvis +   a - +1 dagger
rCold   . . .      Faith    .   (no shield)
rNeg    . . .      Spirit   .   b - +0 robe
rPois   .          Reflect  .   (no helmet)
rElec   .          Harm     .   (no cloak)
rCorr   .          Rampage  .   (no gloves)
Will    .....                   (no barding)
Stlth   +.........              (no amulet)
HPRegen 0.09/turn               (no ring)
MPRegen 0.10/turn               (no ring)

@: glowing
A: large, rugged brown scales 3, see invisible, deformed body, roll 1, armoured
tail
a: Rolling Charge, Renounce Religion, Divine Shield


You were on level 1 of the Dungeon.
You worshipped the Shining One.
The Shining One was aware of your devotion.
You visited 1 branch of the dungeon, and saw 1 of its levels.

You collected 31 gold pieces.

Inventory:

Hand Weapons
 a - a +1 dagger (weapon)
Missiles
 c - 48 stones
Armour
 b - a +0 robe (worn)


   Skills:
 * Level 1.2 Fighting
 * Level 1.0 Armour
 * Level 2.2 Dodging
 - Level 1.2 Stealth
 - Level 2.0 Spellcasting
 - Level 1.0 Transmutations
 - Level 2.6 Earth Magic


You had 5 spell levels left.
You knew the following spells:

 Your Spells              Type           Power      Damage    Failure   Level
a - Sandblast             Erth           18%        2d7       8%          1

Your spell library contained the following spells:

 Spells                   Type           Power      Damage    Failure   Level
 Passwall                 Tmut/Erth      5%         N/A       16%         2
 Stone Arrow              Conj/Erth      10%        3d7       36%         3
 Petrify                  Tmut/Erth      7%         N/A       71%         4


Dungeon Overview and Level Annotations

Branches:
Dungeon (1/15)

Altars:
The Shining One


Innate Abilities, Weirdness & Mutations

You are completely covered in rugged brown scales. (AC +3, +7% HP)
You have supernaturally acute eyesight. (SInv)
Armour fits poorly on your strangely shaped body.
You can roll at nearby foes to attack.
You have a long armoured tail.


Message History

Key pressed, stopping explore.
There is an open door here.
You enter the shallow water.
Moving in this stuff is going to be slow.
There is an open door here.
There is a faded altar of an unknown god here.
There is a faded altar of an unknown god here.
There is an open door here.
You enter the shallow water.
Moving in this stuff is going to be slow.
Done exploring.
Done exploring.
Done exploring.
Char dumped successfully.
Unknown command.
There is an open door here.
Done exploring.
As you read the scroll labelled LEFOKH PAIRY, it crumbles to dust.
Your body is wracked with pain!
It was a scroll of torment.
As you read the scroll labelled INOSECSOCK, it crumbles to dust.
The air around you briefly surges with heat, but it dissipates.
It was a scroll of immolation.
As you read the scroll labelled NODUPI HILL, it crumbles to dust.
It is a scroll of enchant weapon.
Your +0 dagger glows red for a moment.
Unknown command.
As you read the scroll labelled BUFILULEUM, it crumbles to dust.
It is a scroll of identify.
You don't have any unidentified items.
There is a faded altar of an unknown god here.
You cannot tell which god this altar belongs to.
Convert to them anyway?
The Shining One accepts your prayer! The Shining One welcomes you!
You and your allies can now gain power from killing the unholy and evil.
You can now call upon the Shining One for a divine shield.
Unknown command.
Press < or > to pray at altars.
Unknown command.
Press < or > to pray at altars.
Are you sure you want to abandon this character and quit the game? (Confirm with "yes".)

###############
#.......).≈≈≈≈###
#####........≈≈≈≈≈≈≈###
............≈≈≈≈≈≈≈≈≈≈#
####.......≈≈≈≈≈≈≈≈≈≈≈#
...#.........≈#####≈≈≈##
##.#..........#...#≈≈≈≈#
..[#..........'.@.#≈≈≈≈#
####.........≈#...#≈≈≈≈#
#####........≈#####≈≈≈≈#
........#'#≈≈≈≈≈≈≈≈≈≈≈##
.######.#.##≈≈≈≈≈≈≈≈≈≈#
.#......#.##≈≈≈≈≈≈≈≈###
......###.#####≈≈≈≈##
........#.# ######
##.##.#.#.#


There were no monsters in sight!

Vanquished Creatures
  3 endoplasms (D:1)
  3 giant cockroaches (D:1)
  3 goblins (D:1)
  2 hobgoblins (D:1)
  A quokka (D:1)
  5 ball pythons (D:1)
  3 bats (D:1)
  A frilled lizard (D:1)
  2 kobolds (D:1)
  4 rats (D:1)
27 creatures vanquished.

Notes
Turn   | Place    | Note
-------+----------+-------------------------------------------
     0 | D:1      | syban the Palentonga Earth Elementalist began the quest for
                  | the Orb.
     0 | D:1      | Reached XP level 1. HP: 13/13 MP: 3/3
   390 | D:1      | Reached XP level 2. HP: 21/21 MP: 5/5
   487 | D:1      | Reached skill level 1 in Fighting
   508 | D:1      | HP: 1/22 [endoplasm (3)]
  1035 | D:1      | Found a faded altar of an unknown god.
  1159 | D:1      | Reached skill level 1 in Armour
  1411 | D:1      | Reached XP level 3. HP: 26/27 MP: 6/6
  1655 | D:1      | Prayed at the altar of an unknown god.
  1655 | D:1      | Became a worshipper of the Shining One
  1655 | D:1      | Reached * piety under the Shining One
  1656 | D:1      | Quit the game

Illustrated notes

Levels and vault maps discovered:
D:1:      scummos_arrival_star, layout_basic, nicolae_ecumenical_lake_church

Skill      XL: |  1  2 |
---------------+-------+-----
Fighting       | 1 |  1.2
Dodging        | 2 |  2.2
Armour         | 1 |  1.0
Stealth        | |  1.2
Spellcasting   | |  2.0
Transmutations | |  1.0
Earth Magic    | |  2.6

Action                   || total
-------------------------++-------
Melee: Unarmed           ||    17
       Dagger            ||    60
       Tailslap          ||    14
 Cast: Sandblast         ||     8
  Use: Scroll            ||     4
 Stab: Sleeping          ||     1
Armor: Robe              ||    32
Dodge: Dodged            ||    54
